 Dungeon Crawl Stone Soup version 0.25-a0-287-g56a5b49892 (webtiles) character file.

Game seed: 5886097166510199855, levelgen mode: deterministic

2441 floatRand the Cleaver (level 9, 0/64 HPs)
             Began as a Formicid Fighter on Dec 12, 2019.
             Was a Priest of Uskayaw.
             Slain by a hog (5 damage)
             ... on level 7 of the Dungeon.
             The game lasted 00:09:14 (6628 turns).

floatRand the Cleaver (Formicid Fighter)            Turns: 6628, Time: 00:09:17

Health: 0/64       AC: 11    Str: 26    XL:     9   Next: 78%
Magic:  10/11      EV: 11    Int:  8    God:    Uskayaw [***...]
Gold:   374        SH: 12    Dex: 13    Spells: 8/8 levels left

rFire    + + .     SeeInvis +   m - +3 mace (venom)
rCold    + + .     Gourm    .   c - +0 shield
rNeg     . . .     Faith    .   i - +3 scale mail {rC+}
rPois    .         Spirit   .   (helmet unavailable)
rElec    .         Reflect  .   l - scarf {rC+ rF+}
rCorr    .         Harm     .   n - +0 pair of gloves
MR       .....                  (no boots)
Stlth    ++........             v - amulet of the acrobat
HPRegen  0.20/turn              k - ring of protection from fire
MPRegen  0.12/turn              y - ring of see invisible

@: mighty
A: permanent stasis, dig shafts and tunnels, four strong arms, antennae 3
a: Dig, Shaft Self, Stomp, Line Pass, Renounce Religion


You were on level 7 of the Dungeon.
You worshipped Uskayaw.
Uskayaw was noncommittal.
You were not hungry.

You visited 2 branches of the dungeon, and saw 8 of its levels.
You also visited: Ossuary.

You collected 374 gold pieces.

Inventory:

Hand Weapons
 a - a +0 war axe
 m - a +3 mace of venom (weapon)
Missiles
 o - 16 poisoned darts (quivered)
Armour
 b - a +0 scale mail
 c - a +0 shield (worn)
 i - a +3 scale mail of cold resistance (worn)
 l - a scarf of resistance (worn)
 n - a +0 pair of gloves (worn)
 p - a +1 ring mail of cold resistance
Jewellery
 k - a ring of protection from fire (left hand)
 v - an amulet of the acrobat (around neck)
 y - a ring of see invisible (right hand)
Wands
 B - a wand of digging (8)
 E - a wand of polymorph (10)
Scrolls
 j - a scroll of identify
 u - 2 scrolls of enchant weapon
 x - 6 scrolls of teleportation
 C - a scroll of amnesia
Potions
 d - a potion of might
 e - a potion of mutation
 g - a potion of lignification
 h - 2 potions of haste
 q - 3 potions of flight
 r - 2 potions of invisibility {unknown}
 s - 6 potions of curing
 t - 2 potions of heal wounds
 w - a potion of resistance {unknown}
 z - a potion of degeneration {unknown}
 A - a potion of agility {unknown}
Comestibles
 f - 9 rations
 D - a chunk of flesh


   Skills:
 - Level 3.2 Fighting
 * Level 8.7 Axes
 + Level 4.4 Armour
 + Level 2.3 Dodging
 - Level 6.5 Stealth
 + Level 8.0 Shields
 + Level 3.0 Invocations


You had 8 spell levels left.
You didn't know any spells.
Your spell library was empty.

Dungeon Overview and Level Annotations

Branches:
Dungeon (7/15)             Temple (1/1) D:4         Ossuary (visited)

Altars:
Ashenzari
Cheibriados
Dithmenos
Fedhas
Gozag
Hepliaklqana
Kikubaaqudgha
Nemelex Xobeh
Qazlal
Ru
Sif Muna
Uskayaw
Vehumet
Wu Jian
Yredelemnul
Zin
The Shining One

Shops:
D:6 :


Innate Abilities, Weirdness & Mutations

You cannot be hasted, slowed, berserked, paralysed or teleported.
You can dig through walls and to a lower floor.
Your four strong arms can wield two-handed weapons with a shield.
You have a pair of large antennae on your head. (SInv)


Message History

The hog barely misses you. The hog closely misses you.
Uskayaw will force your foes to helplessly watch your dance.
Uskayaw prepares the audience for your solo!
There are no items here.
The helpless human fails to defend itself.
You sock the human!
The human is poisoned.
The human is heavily wounded.
The human is no longer paralysed.
The human completely misses you.
You closely miss the human.
The human is heavily wounded.
The hog is no longer paralysed.
The hog bites you.
* * * LOW HITPOINT WARNING * * *
You block the human's attack. You block the hog's attack.
You thump the human!
The human looks as sick as possible!
The human is almost dead.
You kill the human!
Your Shields skill increases to level 8!
Your Invocations skill increases to level 3!
The hog closely misses you. The hog bites you.
You die...

## .....## ##.
#....>### #..
#....... ###..
./.... #....
##...#######...#
#....#.....#<.#.
#####.†.#.....#...#
#.@h....###'###..#.
#..)†.#.#....%#...#
##......'...%%#..#.
#.......########..#
#...............###.
#................#.#
##..#.............#.
####.....#........#
########......#.


You could see a hog.

Vanquished Creatures
  Sigmund (D:6)
  A human (D:7)
  Edmund (D:6)
  Menkaure (D:6)
  3 hogs (D:7)
  2 ice beasts
  2 phantoms
  A centaur (D:5)
  A big kobold (D:7)
  Blork the orc (D:6)
  2 bullfrogs (D:6)
  3 hounds
  3 orc priests (D:3)
  A gnoll shaman (D:5)
  4 orc wizards
  An iguana (D:7)
  Natasha (thrice) (D:3)
  6 worker ants
  3 mummies (Ossuary)
  3 adders
  6 gnolls
  A shadow imp (D:6)
  An ooze (D:3)
  3 adder zombies (Ossuary)
  3 worms (D:2)
  4 dart slugs
  7 leopard geckos
  15 orcs
  A ball python (D:3)
  2 giant cockroaches
  8 hobgoblins
  3 jackals (D:2)
  12 kobolds
  A quokka (D:4)
  A ball python skeleton (D:4)
  7 bats
  8 frilled lizards
  2 gnoll zombies (Ossuary)
  8 goblins
  3 goblin zombies (Ossuary)
  2 hobgoblin zombies (Ossuary)
  A kobold zombie (Ossuary)
  A quokka skeleton (D:4)
  4 quokka zombies (Ossuary)
  4 rats
  3 rat zombies (Ossuary)
154 creatures vanquished.

Notes
Turn   | Place    | Note
-------+----------+-------------------------------------------
     0 | D:1      | floatRand the Formicid Fighter began the quest for the Orb.
     0 | D:1      | Reached XP level 1. HP: 18/18 MP: 1/1
    60 | D:1      | Reached XP level 2. HP: 21/24 MP: 2/2
    61 | D:1      | Reached skill level 1 in Stealth
   264 | D:1      | Reached XP level 3. HP: 26/29 MP: 3/3
   678 | D:2      | Reached XP level 4. HP: 10/35 MP: 4/4
  1797 | D:2      | Reached XP level 5. HP: 41/41 MP: 5/5
  2513 | D:3      | Noticed Natasha
  2551 | D:3      | Killed Natasha
  2551 | D:3      | Reached XP level 6. HP: 8/47 MP: 6/6
  2696 | D:3      | Noticed Natasha
  2716 | D:3      | Killed Natasha
  2716 | D:3      | Reached skill level 5 in Shields
  3356 | D:3      | Reached skill level 5 in Axes
  3368 | D:3      | Noticed Natasha
  3381 | D:3      | Killed Natasha
  3434 | D:3      | Reached XP level 7. HP: 48/52 MP: 7/7
  3611 | D:3      | Found a hazy altar of Hepliaklqana.
  3699 | D:4      | Found a sand-covered staircase.
  3705 | Ossuary  | Entered an ossuary
  4201 | D:4      | Found a staircase to the Ecumenical Temple.
  4219 | Temple   | Entered the Ecumenical Temple
  4327 | Temple   | Became a worshipper of Uskayaw the Reveler
  4346 | D:4      | Reached * piety under Uskayaw
  4357 | D:4      | Reached ** piety under Uskayaw
  4543 | D:5      | Entered Level 5 of the Dungeon
  4553 | D:5      | Reached skill level 5 in Stealth
  4651 | D:5      | Reached XP level 8. HP: 58/58 MP: 8/8
  4694 | D:5      | Reached *** piety under Uskayaw
  5424 | D:5      | Found a glowing silver altar of Zin.
  5725 | D:6      | Noticed Sigmund
  5735 | D:6      | Killed Sigmund
  5742 | D:6      | Noticed Edmund
  5757 | D:6      | Killed Edmund
  5884 | D:6      | Reached XP level 9. HP: 58/64 MP: 9/9
  5983 | D:6      | Noticed Blork the orc
  5993 | D:6      | Killed Blork the orc
  6036 | D:6      | Reached skill level 1 in Invocations
  6053 | D:6      | Noticed Menkaure
  6065 | D:6      | Killed Menkaure
  6065 | D:6      | Reached skill level 1 in Dodging
  6184 | D:6      | Found a blossoming altar of Fedhas.
  6184 | D:6      | Found an ornate altar of the Wu Jian Council.
  6269 | D:6      | Found Muxtiq's Book Emporium.
  6495 | D:7      | Found a sacrificial altar of Ru.
  6628 | D:7      | Slain by a hog

Levels and vault maps discovered:
D:1:      lightli_arrival_noodles, layout_rooms, item_on_display_a
D:2:      layout_basic, minivault_19
D:3:      layout_basic, nicolae_overflow_hidden_temple, first_ration,
          minmay_goblin_outpost, uniq_natasha
D:4:      layout_rooms, minmay_temple_entry_mini_moons, enter_ossuary_2
D:5:      layout_gridville, zin_academy
D:6:      layout_basic, gammafunk_temple_overflow_statue, serial_shops, shop,
          uniq_sigmund, uniq_blork_the_orc, uniq_edmund, uniq_menkaure
D:7:      layout_cave_pools, minitemple, grunt_livestock, minivault_23,
          elyvilon_altar_3, uniq_crazy_yiuf_cottage
Temple:   nicolae_temple_figure_eight

Skill      XL: |  1  2  3  4  5  6  7  8  9 |
---------------+----------------------------+-----
Stealth        | 1 2 3 4 5 6 |  6.5
Shields        | 4 5 6 7 8 |  8.0
Axes           | 3 4 5 6 7 8 |  8.7
Invocations    | 3 |  3.0
Dodging        | 2 |  2.3
Armour         | 4 |  4.4
Fighting       | |  3.2

Action                   |  1- 3 |  4- 6 |  7- 9 || total
-------------------------+-------+-------+-------++-------
Melee: War axe           |    92 |   124 |    38 ||   254
       Mace              |       |    53 |   205 ||   258
Throw: Dart              |       |       |     4 ||     4
  Use: Potion            |       |     4 |     2 ||     6
       Scroll            |       |       |    13 ||    13
 Stab: Sleeping          |       |       |     5 ||     5
       Paralysed         |       |       |     2 ||     2
       Distracted        |       |       |     2 ||     2
  Eat: Chunk             |       |     8 |    11 ||    19
Armor: Scale mail        |    44 |    66 |    34 ||   144
       Ring mail         |       |     5 |    37 ||    42
Dodge: Dodged            |    36 |    75 |    87 ||   198
Block: Shield            |    58 |   119 |   149 ||   326

Table legend:
 A = Non-vault XP
 B = Vault XP
 C = Vault XP percentage of total XP
 D = Non-vault monster count
 E = Vault monster count
 F = Vault count percentage of total count
                 A         B        C        D         E       F
            +---------+---------+-------+---------+---------+-------
      Total |    1960 |    1528 |  43.8 |     119 |      35 |  22.7
            +---------+---------+-------+---------+---------+-------
        D:1 |      54 |       0 |   0.0 |      20 |       0 |   0.0
        D:2 |      92 |       0 |   0.0 |      25 |       0 |   0.0
        D:3 |     376 |      45 |  10.7 |      33 |       6 |  15.4
        D:4 |     215 |       0 |   0.0 |      15 |       0 |   0.0
        D:5 |     558 |       0 |   0.0 |      10 |       0 |   0.0
        D:6 |     452 |     649 |  58.9 |       6 |       4 |  40.0
        D:7 |     213 |     749 |  77.9 |      10 |       4 |  28.6
    Ossuary |       0 |      85 | 100.0 |       0 |      21 | 100.0
            +---------+---------+-------+---------+---------+-------
